 Dungeon Crawl Stone Soup version 0.25.1-2-g60ff931df9 (webtiles) character file.

Game seed: 15889808144384491003

70 DearestLeader the Ducker (level 4, -5/35 HPs)
             Began as a Demonspawn Gladiator on Oct 8, 2020.
             Killed by nerve-wracking pain
             ... invoked by Jessica
              (12 damage)
             ... on level 2 of the Dungeon.
             The game lasted 00:05:04 (2175 turns).

DearestLeader the Ducker (Demonspawn Gladiator)     Turns: 2175, Time: 00:05:04

Health: -5/35      AC: 10    Str: 15    XL:     4   Next: 4%
Magic:  0/4        EV:  7    Int: 10    God:
Gold:   103        SH:  0    Dex: 14    Spells: 3/3 levels left

rFire    . . .     SeeInvis .   j - -2 spear (curse)
rCold    . . .     Gourm    .   (no shield)
rNeg     . . .     Faith    .   b - +0 chain mail
rPois    .         Spirit   +   c - +0 helmet
rElec    .         Reflect  .   (no cloak)
rCorr    .         Harm     .   (no gloves)
MR       .....                  g - +0 pair of boots
Stlth    ..........             (no amulet)
HPRegen  0.11/turn              (no ring)
MPRegen  0.09/turn              (no ring)

@: no status effects
A: claws 2, magic shield
a: no special abilities


You were on level 2 of the Dungeon.
You were hungry.

You visited 1 branch of the dungeon, and saw 2 of its levels.

You collected 103 gold pieces.

Inventory:

Hand Weapons
 a - a +0 trident
 j - a cursed -2 spear (weapon)
Missiles
 d - 3 throwing nets (quivered)
 i - 4 atropa-tipped darts
Armour
 b - a +0 chain mail (worn)
 c - a +0 helmet (worn)
 e - a +0 ring mail
 g - a +0 pair of boots (worn)
 l - a +0 buckler
Potions
 h - a potion of resistance
Comestibles
 f - 4 rations
 k - a chunk of flesh


   Skills:
 + Level 3.0 Fighting
 - Level 2.6 Polearms
 - Level 1.7 Throwing
 + Level 1.6 Armour
 + Level 3.3 Dodging
 - Level 0.4 Stealth


You had 3 spell levels left.
You didn't know any spells.
Your spell library was empty.

Dungeon Overview and Level Annotations

Branches:
Dungeon (2/15)

Altars:
Fedhas
Okawaru

Annotations:
D:2 Jessica


Innate Abilities, Weirdness & Mutations

You have very sharp fingernails.
When hurt, damage is shared between your health and your magic reserves.


Message History

g - Guard the area. f - Follow me.
Anything else - Cancel.
You shout for attention!
You hear a shout!
Jessica hits you but does no damage. What are your orders? t - Shout!
Orders for allies: a - Attack new target. p - Attack previous target. r - Retreat! s - Stop attacking. g - Guard the area. f - Follow me.
Anything else - Cancel.
Okay, then.
You barely miss Jessica.
Jessica is almost dead.
Jessica hits you but does no damage.
Jessica mumbles some strange words.
Jessica blinks!
You are feeling hungry.
Jessica points at you and mumbles some strange words.
Pain shoots through your body!
You die...

#..........#.######
#....#.##.##.#....#
######..#.##.###..#
##.#(##......#
#.#.#######.# ######
#.#.# #.# .....# #.#)###
#.# ...#.# ###.#.@.#
#รท# ##.#.#
#...#.#@#####.#
##+#.#####....@#.......#
#..............#########
#.....####....(# #.....#
#....(# #.....# #....(#
...#### #...#>......#
#### #.....#####.#
........


You could see Jessica (fast).

Vanquished Creatures
  Terence (D:2)
  An ooze (D:2)
  2 worms (D:2)
  A dart slug (D:2)
  A leopard gecko (D:2)
  3 giant cockroaches
  3 goblins (D:2)
  3 hobgoblins (D:2)
  3 jackals (D:2)
  A ball python (D:2)
  A bat (D:2)
  3 frilled lizards (D:2)
  5 kobolds
  4 rats
32 creatures vanquished.

Notes
Turn   | Place    | Note
-------+----------+-------------------------------------------
     0 | D:1      | DearestLeader the Demonspawn Gladiator began the quest for
                  | the Orb.
     0 | D:1      | Reached XP level 1. HP: 16/16 MP: 1/1
   819 | D:2      | Gained mutation: When hurt, damage is shared between your
                  | health and your magic reserves. [demonic ancestry]
   819 | D:2      | Reached XP level 2. HP: 22/22 MP: 2/2
  1052 | D:2      | Reached skill level 1 in Armour
  1280 | D:2      | Gained mutation: You have sharp fingernails. [demonic
                  | ancestry]
  1280 | D:2      | Reached XP level 3. HP: 23/28 MP: 1/3
  1471 | D:2      | Found a blossoming altar of Fedhas.
  1471 | D:2      | Found an iron altar of Okawaru.
  1481 | D:2      | Noticed Terence
  1580 | D:2      | Killed Terence
  1909 | D:2      | Gained mutation: You have very sharp fingernails. [demonic
                  | ancestry]
  1909 | D:2      | Reached XP level 4. HP: 27/35 MP: 1/4
  2094 | D:2      | Noticed Jessica
  2175 | D:2      | Killed from afar by Jessica

Illustrated notes

Levels and vault maps discovered:
D:1:      lightli_arrival_lavapool, layout_loops_corners
D:2:      layout_basic, gammafunk_temple_overflow_statue, uniq_terence,
          uniq_jessica

Skill      XL: |  1  2  3 |
---------------+----------+-----
Dodging        | 3 |  3.3
Armour         | 1 |  1.6
Fighting       | 3 |  3.0
Polearms       | |  2.6
Throwing       | |  1.7
Stealth        | |  0.4

Action                   |  1- 3 |  4- 6 || total
-------------------------+-------+-------++-------
Melee: Trident           |    17 |       ||    17
       Spear             |   235 |    44 ||   279
  Use: Scroll            |     3 |       ||     3
  Eat: Chunk             |     2 |     2 ||     4
Armor: Ring mail         |    38 |       ||    38
       Chain mail        |    25 |    32 ||    57
       Skin              |    10 |       ||    10
Dodge: Dodged            |    99 |    20 ||   119
